 Dungeon Crawl Stone Soup version 0.22.1-2-g9c5b331 (webtiles) character file.

3948 Lauz the Thaumaturge (level 10, -2/50 HPs)
             Began as a Deep Elf Wizard on Dec 3, 2018.
             Was a Follower of Vehumet.
             Slain by a water moccasin (5 damage)
             ... on level 1 of the Lair of Beasts.
             The game lasted 00:54:02 (14281 turns).

Lauz the Thaumaturge (Deep Elf Wizard)             Turns: 14281, Time: 00:54:03

Health: -2/50      AC:  5    Str:  4    XL:     10   Next: 2%
Magic:  1/28       EV: 13    Int: 27    God:    Vehumet [*.....]
Gold:   580        SH:  0    Dex: 13    Spells: 19/33 levels left

rFire    . . .     SeeInvis .   h - +1 dagger (venom)
rCold    . . .     Gourm    .   (no shield)
rNeg     . . .     Faith    .   F - +1 robe {MR+}
rPois    .         Spirit   .   b - +0 hat
rElec    .         Reflect  .   n - +0 cloak
rCorr    .         Harm     .   E - +0 pair of gloves
MR       +++..                  (no boots)
Stlth    ++........             (no amulet)
HPRegen  0.16/turn              t - ring of protection from magic
MPRegen  0.21/turn              (no ring)

@: lethally poisoned (-2 -> -3), hasted, very quick
A: no striking features
a: Renounce Religion


You were on level 1 of the Lair of Beasts.
You worshipped Vehumet.
Vehumet was aware of your devotion.
You were not hungry.

You visited 3 branches of the dungeon, and saw 12 of its levels.

You collected 580 gold pieces.

Inventory:

Hand Weapons
 h - a +1 dagger of venom (weapon)
Armour
 a - a +0 robe
 b - a +0 hat (worn)
 m - a +0 buckler
 n - a +0 cloak (worn)
 r - a +0 shield
 E - a +0 pair of gloves (worn)
 F - a +1 robe of magic resistance (worn)
Jewellery
 t - a ring of protection from magic (left hand)
Wands
 v - a wand of digging (33)
 G - a wand of iceblast (8)
 H - a wand of polymorph (11)
Scrolls
 c - 8 scrolls of identify
 e - 3 scrolls of enchant weapon
 f - 3 scrolls of remove curse
 g - a scroll of blinking {unknown}
 k - 4 scrolls of teleportation {unknown}
 l - a scroll of noise {unknown}
 p - 5 scrolls of fog {unknown}
 s - 2 scrolls of immolation {unknown}
 u - 2 scrolls of random uselessness {unknown}
 y - a scroll of silence {unknown}
 C - 2 scrolls of fear {unknown}
 D - a scroll of enchant armour {unknown}
Potions
 i - 2 potions of magic
 j - 3 potions of curing {unknown}
 o - a potion of invisibility {unknown}
 q - 2 potions of ambrosia {unknown}
 w - 2 potions of haste
 x - a potion of berserk rage {unknown}
 A - a potion of flight {unknown}
 B - 2 potions of might {unknown}
Comestibles
 d - 20 rations
 z - 3 chunks of flesh


   Skills:
 - Level 2.4 Dodging
 - Level 2.4 Stealth
 + Level 12.4 Spellcasting
 * Level 11.8 Conjurations
 + Level 0.2 Hexes
 + Level 2.0 Summonings
 - Level 1.1 Translocations


You had 19 spell levels left.
You knew the following spells:

 Your Spells              Type           Power        Failure   Level  Hunger
a - Magic Dart            Conj           ####         1%          1    None
b - Mephitic Cloud        Conj/Pois/Air  #####...     1%          3    None
c - Blink                 Tloc           N/A          3%          2    None
d - Conjure Flame         Conj/Fire      #####...     1%          3    None
e - Freeze                Ice            ###.         3%          1    None
f - Call Imp              Summ           ####....     2%          2    None
g - Slow                  Hex            ###.....     4%          2    None

Your spell library contained the following spells:

 Spells                   Type           Power        Failure   Level  Hunger
 Throw Flame              Conj/Fire      #####.       1%          2    None


Dungeon Overview and Level Annotations

Branches:
Dungeon (10/15)            Temple (1/1) D:5            Lair (1/6) D:8
    Orc: D:9-12

Altars:
Ashenzari
Cheibriados
Dithmenos
Elyvilon
Fedhas
Gozag
Hepliaklqana
Kikubaaqudgha
Makhleb
Nemelex Xobeh
Okawaru
Qazlal
Ru
Sif Muna
Trog
Uskayaw
Vehumet
Wu Jian
Xom
Yredelemnul
Zin
The Shining One

Shops:
D:5 (

Annotations:
D:2 Sigmund


Message History

Your crimson imp blinks!
You feel sick.
Your crimson imp disappears in a puff of smoke!
Your shadow imp hits the water moccasin.
The water moccasin barely misses you.
Casting: Slow (safe; 4% risk of failure)
Confirm with . or Enter, or press ? or * to list all spells.
Aiming: Slow (safe; 4% risk of failure)
Press: ? - help, Shift-Dir - straight line, f/p - water moccasin
Aim: a water moccasin (heavily wounded, chance to defeat MR: 56%)
The water moccasin resists with significant effort.
Your shadow imp disappears in a puff of smoke!
The water moccasin bites you but does no damage.
The water moccasin bites you.
* * * LOW HITPOINT WARNING * * *
You feel sick.
You feel yourself speed up. The water moccasin bites you.
* * * LOW HITPOINT WARNING * * *
The water moccasin bites you.
You die...

#.#####...P≈≈≈≈P #..........≈≈P≈≈
## ##.........≈≈P≈≈≈ ...
#...........≈≈≈≈P .......##
##..........P≈P≈≈ ........#####
#..........P≈≈≈≈
#P....##.#.#####.........P≈P≈PP #
#.......................;≈P≈≈P #
#............@S.........≈≈P≈≈≈
####.......................≈##P..
##.#......................$## #..
...........................# ##..
....l......................# #...
.##########.....#P########.# ##).
## ##.....### #..####.. #
#.......# ##....... # ##......#
#P.......


You could see a water moccasin.

Vanquished Creatures
  A two-headed ogre (D:8)
  A rime drake (Lair:1)
  2 spriggans
  A hungry ghost (D:9)
  A black bear (D:9)
  2 orc warriors (D:7)
  5 ice beasts
  A phantom (D:7)
  An ogre (D:9)
  2 centaurs
  A crocodile (Lair:1)
  5 bullfrogs
  2 scorpions (D:9)
  4 wights
  3 crimson imps
  A centaur zombie (D:8)
  2 hounds
  3 orc priests
  A jelly (D:6)
  5 worker ants
  7 orc wizards
  Terence (D:2)
  2 worker ant zombies (D:6)
  Robin (D:2)
  11 gnolls
  6 adders
  A shadow imp (D:5)
  An ooze (D:1)
  2 adder skeletons
  A dart slug (D:2)
  5 worms
  3 leopard geckos
  13 orcs
  A bat zombie (D:2)
  A giant cockroach (D:3)
  15 goblins
  8 hobgoblins
  5 jackals
  8 kobolds
  A quokka (D:4)
  A ball python (D:2)
  3 bats
  2 frilled lizards
  A leopard gecko skeleton (D:6)
  2 quokka skeletons
  3 rats
  A rat zombie (D:2)
150 creatures vanquished.

Vanquished Creatures (collateral kills)
  A water moccasin (Lair:1)
1 creature vanquished.

Vanquished Creatures (others)
  A spiny frog (Lair:1)
  A plant (Lair:1)
2 creatures vanquished.

Grand Total: 153 creatures vanquished

Notes
Turn   | Place    | Note
-------+----------+-------------------------------------------
     0 | D:1      | Lauz the Deep Elf Wizard began the quest for the Orb.
     0 | D:1      | Reached XP level 1. HP: 10/10 MP: 7/7
   254 | D:1      | Reached skill level 5 in Spellcasting
   254 | D:1      | Reached XP level 2. HP: 15/15 MP: 7/10
  1067 | D:2      | Reached XP level 3. HP: 19/19 MP: 8/12
  1193 | D:2      | Noticed Robin
  1227 | D:1      | Learned a level 3 spell: Mephitic Cloud
  1230 | D:1      | Learned a level 2 spell: Blink
  1234 | D:1      | Learned a level 3 spell: Conjure Flame
  1411 | D:2      | Noticed Terence
  1674 | D:2      | Noticed Sigmund
  1921 | D:2      | Reached skill level 6 in Spellcasting
  2091 | D:2      | Killed Terence
  2091 | D:2      | Reached XP level 4. HP: 24/24 MP: 0/14
  2317 | D:2      | Found an ancient bone altar of Kikubaaqudgha.
  2855 | D:2      | Killed Robin
  3277 | D:3      | Noticed an ice beast
  3360 | D:3      | Killed an ice beast
  3360 | D:3      | Reached XP level 5. HP: 28/28 MP: 0/16
  3548 | D:3      | Reached skill level 7 in Spellcasting
  4380 | D:4      | Reached XP level 6. HP: 32/32 MP: 12/18
  4773 | D:5      | Entered Level 5 of the Dungeon
  4835 | D:5      | Reached skill level 5 in Conjurations
  5064 | D:5      | Found a staircase to the Ecumenical Temple.
  5075 | Temple   | Entered the Ecumenical Temple
  5278 | Temple   | Became a worshipper of Vehumet
  5323 | D:5      | Found Wysif Qixeym's Antique Weapon Emporium.
  5374 | D:5      | Found a basalt altar of Yredelemnul.
  6278 | D:6      | Reached skill level 8 in Spellcasting
  7095 | D:6      | Reached XP level 7. HP: 32/36 MP: 9/20
  7353 | D:6      | Reached * piety under Vehumet
  7353 | D:6      | Offered knowledge of Freeze by Vehumet.
  8308 | D:6      | Found an opulent altar of Gozag.
  8311 | D:6      | Found a blossoming altar of Fedhas.
  8314 | D:6      | Found a stormy altar of Qazlal.
  8487 | D:7      | Reached skill level 9 in Spellcasting
  8543 | D:7      | Learned a level 1 spell: Freeze
  8724 | D:7      | Reached XP level 8. HP: 41/41 MP: 10/23
  9531 | D:7      | Reached skill level 10 in Spellcasting
 10176 | D:8      | Noticed a two-headed ogre
 10198 | D:8      | Killed a two-headed ogre
 10198 | D:8      | Reached skill level 11 in Spellcasting
 10198 | D:8      | Reached skill level 10 in Conjurations
 10198 | D:8      | Reached XP level 9. HP: 28/45 MP: 7/26
 10843 | D:8      | Found a staircase to the Lair.
 11582 | Lair:1   | Entered Level 1 of the Lair of Beasts
 11605 | Lair:1   | Noticed a komodo dragon
 11618 | Lair:1   | Noticed a spiny frog
 11703 | D:9      | Noticed a dagger
 11703 | D:9      | Noticed a dagger
 11712 | D:9      | Found a hide-covered altar of Uskayaw.
 12100 | D:9      | Found a deep blue altar of Sif Muna.
 12662 | D:9      | Reached skill level 12 in Spellcasting
 12669 | D:9      | Found a snail-covered altar of Cheibriados.
 12736 | D:9      | Offered knowledge of Throw Flame by Vehumet.
 12925 | D:10     | Entered Level 10 of the Dungeon
 12935 | D:10     | Noticed a troll
 13429 | D:8      | Learned a level 2 spell: Call Imp
 13432 | D:8      | Learned a level 2 spell: Slow
 13447 | Lair:1   | HP: 1/45 [spiny frog (23)]
 13461 | Lair:1   | Noticed a rime drake
 13464 | Lair:1   | Killed a spiny frog
 13473 | Lair:1   | Killed a rime drake
 14222 | Lair:1   | Reached XP level 10. HP: 50/50 MP: 5/28
 14281 | Lair:1   | Slain by a water moccasin

Skill      XL: |  1  2  3  4  5  6  7  8  9 |
---------------+----------------------------+-----
Spellcasting   | 5 6 7 8 9 11 12 | 12.4
Conjurations   | 2 4 5 7 10 11 | 11.8
Summonings     | 2 |  2.0
Dodging        | |  2.4
Stealth        | |  2.4
Hexes          | |  0.2
Translocations | |  1.1

Action                   |  1- 3 |  4- 6 |  7- 9 | 10-12 || total
-------------------------+-------+-------+-------+-------++-------
Melee: Dagger            |     1 |     3 |     8 |       ||    12
 Cast: Magic Dart        |   108 |   189 |   356 |     1 ||   654
       Mephitic Cloud    |     6 |    20 |    55 |       ||    81
       Conjure Flame     |       |     5 |    12 |       ||    17
       Call Imp          |       |       |    17 |     2 ||    19
       Freeze            |       |       |    14 |       ||    14
       Blink             |       |       |     4 |     3 ||     7
       Slow              |       |       |     2 |     3 ||     5
  Use: Scroll            |       |       |     3 |       ||     3
       Potion            |       |       |     1 |     1 ||     2
  Eat: Chunk             |     2 |     7 |    11 |       ||    20
       Ration            |     1 |     2 |     3 |       ||     6
Armor: Robe              |       |     6 |     9 |     3 ||    18
Dodge: Dodged            |    16 |    38 |    38 |     8 ||   100
